 Dungeon Crawl Stone Soup version 0.28-a0-627-g4e9751bbfc (webtiles) character file.

Game seed: 4279807282895196197

3230 hybridtheorytrack5 the Martial Artist (level 9, -2/76 (79) HPs)
             Began as an Octopode Transmuter on Oct 8, 2021.
             Was an Initiate of Cheibriados.
             Slain by Psyche (15 damage)
             ... on level 7 of the Dungeon.
             The game lasted 00:42:40 (13053 turns).

hybridtheorytrack5 the Martial Artist (OpTm)       Turns: 13053, Time: 00:42:41

HP:   -2/76 (79)    AC:  1    Str: 12    XL:     9   Next: 98%
MP:   21/22         EV: 13    Int: 18    God:    Cheibriados [......]
Gold: 168           SH:  5    Dex: 11    Spells: 6/12 levels left

rFire   . . .      SeeInvis .     - Unarmed
rCold   . . .      Faith    .   e - +0 buckler
rNeg    + . .      Spirit   .   (helmet restricted)
rPois   .          Reflect  .   (no amulet)
rElec   .          Harm     .   n - ring of magical power
rCorr   .          Rampage  .   m - ring of positive energy
Will    .....                   (no ring)
Stlth   ..........              (no ring)
HPRegen 0.22/turn               (no ring)
MPRegen 0.18/turn               (no ring)
                                (no ring)
                                (no ring)

@: berserking, lightly drained, slow
A: almost no armour, amphibious, 8 rings, camouflage 1, gelatinous body 1,
(nimble swimmer 1), tentacles, clumsy 1, high mp 1
a: Renounce Religion, Bend Time


You were on level 7 of the Dungeon.
You worshipped Cheibriados.
Cheibriados was noncommittal.
You visited 2 branches of the dungeon, and saw 9 of its levels.

You collected 277 gold pieces.
You spent 109 gold pieces at shops.


Innate Abilities, Weirdness & Mutations

You cannot wear most types of armour.
You are amphibious.
You can wear up to eight rings at the same time.
Your skin changes colour to match your surroundings (Stealth+).
Your rubbery body absorbs attacks. (AC +1, EV +1)
((You are camouflaged near water. (Stealth+)))
You have tentacles for arms and can constrict up to eight enemies at once.
You are clumsy. (Dex -2)
You have an increased reservoir of magic. (+10% MP)

Dungeon Overview and Level Annotations

Branches:
Dungeon (8/15)             Temple (1/1) D:7
   Lair: D:8-11

Altars:
Cheibriados
Elyvilon
Fedhas
Gozag
Hepliaklqana
Kikubaaqudgha
Makhleb
Okawaru
Qazlal
Ru
Sif Muna
Trog
Uskayaw
Vehumet
Wu Jian
Xom
Zin
The Shining One

Shops:
D:5 ([:?   D:6 !

Annotations:
D:7 Psyche


   Skills:
 - Level 1.0 Fighting
 - Level 2.0 Dodging
 - Level 6.0 Shields
 + Level 11.0 Unarmed Combat
 - Level 2.0 Spellcasting
 - Level 6.3 Transmutations


You had 6 spell levels left.
You knew the following spells:

 Your Spells              Type           Power      Damage    Failure   Level
a - Beastly Appendage     Tmut           48%        N/A       1%          1
b - Wereblood             Tmut           24%        N/A       1%          2
c - Spider Form           Tmut/Pois      6%         N/A       14%         3

Your spell library contained the following spells:

 Spells                   Type           Power      Damage    Failure   Level
 Passwall                 Tmut/Erth      10%        N/A       8%          2
 Animate Skeleton         Necr           2%         N/A       19%         1
 Apportation              Tloc           2%         N/A       19%         1
 Sandblast                Erth           2%         2d4       19%         1
 Summon Small Mammal      Summ           4%         N/A       19%         1
 Ignite Poison            Fire/Tmut/Pois 9%         N/A       22%         3
 Ensorcelled Hibernation  Hex/Ice        2%         N/A       26%         2
 Slow                     Hex            1%         N/A       26%         2
 Ice Form                 Ice/Tmut       13%        N/A       43%         4
 Confusing Touch          Hex            1%         N/A       47%         3
 Mephitic Cloud           Conj/Pois/Air  1%         N/A       47%         3
 Stone Arrow              Conj/Erth      2%         3d7       47%         3
 Tukima's Dance           Hex            1%         N/A       47%         3
 Vampiric Draining        Necr           0%         2d6       47%         3
 Summon Lightning Spire   Summ/Air       1%         N/A       87%         4
 Freezing Cloud           Conj/Ice/Air   0%         6-21      99%         5
 Storm Form               Tmut/Air       6%         N/A       100%        7
 Maxwell's Capacitive Co  Air            0%         ∞         100%        8

Action                   |  1- 3 |  4- 6 |  7- 9 || total
-------------------------+-------+-------+-------++-------
Melee: Unarmed           |    85 |   117 |   241 ||   443
       Constrict         |    20 |    26 |    39 ||    85
       Tentacles         |    12 |    15 |    39 ||    66
       Kick              |    11 |    29 |    54 ||    94
       Punch             |       |     5 |    10 ||    15
Throw: Stone             |    10 |       |       ||    10
       Dart              |       |     6 |    24 ||    30
       Throwing net      |       |       |     4 ||     4
 Cast: Beastly Appendage |    18 |    22 |    41 ||    81
       Wereblood         |       |     1 |       ||     1
       Spider Form       |       |       |     2 ||     2
Evoke: Wand              |       |       |    17 ||    17
  Use: Scroll            |       |     8 |     6 ||    14
       Potion            |       |     2 |     6 ||     8
 Stab: Sleeping          |     4 |     5 |       ||     9
       Invisible         |       |     3 |     1 ||     4
       Paralysed         |       |       |     5 ||     5
       Fleeing           |       |       |     2 ||     2
       Held in net/web   |       |       |     1 ||     1
Armor: Skin              |     4 |     1 |    24 ||    29
Dodge: Dodged            |    49 |    67 |   148 ||   264
Block: Buckler           |       |       |     9 ||     9

Skill      XL: |  1  2  3  4  5  6  7  8  9 |
---------------+----------------------------+-----
Unarmed Combat | 4 5 6 7 9 11 | 11.0
Transmutations | 4 5 6 |  6.3
Shields        | 2 6 |  6.0
Fighting       | |  1.0
Dodging        | |  2.0
Spellcasting   | |  2.0

Inventory:

Missiles
 a - 106 stones
 k - 5 atropa-tipped darts (quivered)
Armour
 e - a +0 buckler (worn)
 l - a scarf of shadows
Jewellery
 m - a ring of positive energy (right tentacle)
 n - a ring of magical power (left tentacle)
Wands
 c - a wand of acid (2)
 h - a wand of digging (4)
Scrolls
 d - 2 scrolls of amnesia
 f - 4 scrolls of identify {@r3}
 i - a scroll of enchant weapon
Potions
 b - 5 potions of attraction
 g - a potion of heal wounds {@q1}

#..........# ##..........
###..#####.## ##......... ##..##
#..# #########.
######..########.######### #.
..).....)................# #####.
#....############..#####.###.....
..#### ###..........[.... .##
##### ##............#####
..#######...###.@{####.(###.#
..................# ##.# #.#
#..........####..## #.###.####
#........### #..## #........#
..######## #.## #........# ###
###.# #........# .### ##...#
#....(...# ...# #..### #........#
##.########.## #........#


There were no monsters in sight!

Vanquished Creatures
  Harold (D:7)
  Eustachio (D:5)
  A steam dragon (D:7)
  Edmund (D:4)
  An orc warrior (D:7)
  An ogre (D:4)
  2 sky beasts (D:6)
  2 necrophages
  2 centaurs
  3 bullfrogs (D:7)
  2 gnoll sergeants
  2 scorpions (D:6)
  A wyvern skeleton (D:7)
  A howler monkey (D:7)
  2 centaur zombies (D:7)
  4 hounds
  2 bullfrog zombies
  A bullfrog skeleton (D:6)
  A centaur skeleton (D:5)
  A jelly (D:7)
  Crazy Yiuf (D:7)
  An orc priest (D:6)
  2 gnoll shamans
  Ijyb (D:5)
  3 orc wizards (D:6)
  2 iguanas
  20 gnolls
  A howler monkey skeleton (D:4)
  3 adders
  A white imp (D:6)
  A worm (D:2)
  A dart slug (D:2)
  25 orcs
  7 endoplasms
  4 giant cockroaches
  7 goblins
  6 hobgoblins
  2 jackals (D:1)
  5 kobolds
  4 quokkas
  4 ball pythons
  6 bats
  4 frilled lizards
  2 rats
145 creatures vanquished.

Vanquished Creatures (collateral kills)
  A phantom (D:4)
1 creature vanquished.

Vanquished Creatures (others)
  5 fungi (D:1)
  8 plants
13 creatures vanquished.

Grand Total: 159 creatures vanquished

Levels and vault maps discovered:
D:1:      dpeg_arrival_rooms_b, layout_rooms,
          shapermc_ecumenical_altar_rom_forum
D:2:      layout_basic, minmay_misc_feat_hallway, palyth_stone_intersect
D:3:      layout_rooms, guppyfry_early_lair_pool
D:4:      layout_basic, okawaru_gym_becter, uniq_edmund
D:5:      layout_cave_pools, minmay_shop_grid_forest, dk_vineyard_3,
          uniq_eustachio, uniq_ijyb
D:6:      layout_rooms, serial_shops, nicolae_shop_stone
D:7:      layout_rooms, minmay_temple_entry_overgrown, uniq_harold,
          uniq_crazy_yiuf_cottage
D:8:      layout_cave_pools, serial_undead, serial_undead_a, serial_undead_e,
          serial_undead_d, serial_undead_b, uniq_grum, uniq_psyche
Temple:   eino_narrow_crystal_temple


Message History

Throw: throwing net {!f}
Press: ? - help, Q - select action, (/) - cycle Shift-Dir - straight line You throw a throwing net {!f}.
Something hits you.
You feel your power leaking away. Something hits you.
Throw: 6 darts (atropa)
Press: ? - help, Q - select action, (/) - cycle Shift-Dir - straight line, f - you Really target yourself? [Y]es or [N]o only, please.
Really target yourself?
Okay, then.
Unknown command.
Unknown command.
Throw: 6 darts (atropa)
Press: ? - help, Q - select action, (/) - cycle Shift-Dir - straight line You throw an atropa-tipped dart.
You hear some strange, mumbled words.
A swirling arc of seething chaos appears!
An arc of chaos appears from out of thin air!
The arc of chaos hits you.
You are caught in a web!
You hear some strange, mumbled words.
A swirling arc of seething chaos appears!
An arc of chaos appears from out of thin air!
The arc of chaos hits you.
Press: ? - help, v - describe, . - travel A stone staircase leading down.
Unknown command.
You hear some strange, mumbled words.
A swirling arc of seething chaos appears!
An arc of chaos appears from out of thin air!
The arc of chaos hits you! Something hits you.
* * * LOW HITPOINT WARNING * * *
A red film seems to cover your vision as you go berserk!
Cheibriados protects you from inadvertent hurry.
You feel mighty!
You barely miss something. You squeeze something! Something hits you.
* * * LOW HITPOINT WARNING * * *
You are electrocuted!
You die...

Notes
Turn   | Place    | Note
-------+----------+-------------------------------------------
     0 | D:1      | hybridtheorytrack5 the Octopode Transmuter began the quest
                  | for the Orb.
     0 | D:1      | Reached XP level 1. HP: 13/13 MP: 3/3
   467 | D:1      | Reached XP level 2. HP: 18/18 MP: 3/5
   788 | D:1      | Learned a level 2 spell: Wereblood
   991 | D:1      | Reached skill level 4 in Unarmed Combat
   991 | D:1      | Reached XP level 3. HP: 23/23 MP: 6/6
  1064 | D:1      | Found a faded altar of an unknown god.
  1074 | D:1      | Got Plato's Handbook of the Rocks
  2183 | D:2      | Reached XP level 4. HP: 23/28 MP: 5/7
  2375 | D:3      | Reached skill level 5 in Unarmed Combat
  3658 | D:4      | Reached XP level 5. HP: 26/33 MP: 8/8
  3798 | D:4      | Noticed Edmund
  4134 | D:4      | Learned a level 3 spell: Spider Form
  4167 | D:4      | Found an iron altar of Okawaru.
  4254 | D:4      | Noticed a phantom
  4270 | D:4      | Killed a phantom
  4271 | D:4      | Reached skill level 6 in Unarmed Combat
  4271 | D:4      | Reached XP level 6. HP: 23/38 MP: 7/9
  4822 | D:4      | Killed Edmund
  4984 | D:4      | Gained mutation: You are strong-willed. (Will+) [potion of
                  | mutation]
  4984 | D:4      | Gained mutation: You do not regenerate when monsters are
                  | visible. [potion of mutation]
  4984 | D:4      | Gained mutation: You expend magic power (3 MP) to
                  | strengthen your wands. [potion of mutation]
  4985 | D:4      | Lost mutation: You are strong-willed. (Will+) [potion of
                  | mutation]
  4985 | D:4      | Lost mutation: You expend magic power (3 MP) to strengthen
                  | your wands. [potion of mutation]
  4985 | D:4      | Lost mutation: You do not regenerate when monsters are
                  | visible. [potion of mutation]
  4985 | D:4      | Gained mutation: You are clumsy. (Dex -2) [potion of
                  | mutation]
  4985 | D:4      | Gained mutation: You have an increased reservoir of magic.
                  | (+10% MP) [potion of mutation]
  5124 | D:5      | Entered Level 5 of the Dungeon
  5338 | D:5      | Noticed a necrophage
  6002 | D:5      | Reached XP level 7. HP: 31/43 MP: 11/11
  6088 | D:5      | Noticed Ijyb
  6102 | D:5      | Killed Ijyb
  6273 | D:5      | Reached skill level 7 in Unarmed Combat
  6718 | D:5      | Reached skill level 5 in Transmutations
  6863 | D:5      | Noticed Eustachio
  8182 | D:5      | Found Rehetep's Magic Scroll Emporium.
  8183 | D:5      | Found Diegge's Book Emporium.
  8185 | D:5      | Found Zitud's Armour Emporium.
  8186 | D:5      | Found Piegg's Antique Weapon Emporium.
  8212 | D:5      | Bought a scroll of fear for 49 gold pieces
  8295 | D:5      | Reached XP level 8. HP: 31/48 MP: 12/12
  8903 | D:5      | Reached skill level 8 in Unarmed Combat
  9323 | D:5      | Killed Eustachio
  9930 | D:6      | Reached skill level 9 in Unarmed Combat
 10351 | D:6      | Found Mounue's Distillery.
 10358 | D:6      | Bought a potion of heal wounds for 60 gold pieces
 10387 | D:6      | Reached skill level 1 in Shields
 10635 | D:6      | Reached XP level 9. HP: 31/53 MP: 13/13
 11535 | D:7      | Noticed Harold
 11550 | D:7      | Killed Harold
 11551 | D:7      | Reached skill level 10 in Unarmed Combat
 12170 | D:7      | Found a staircase to the Ecumenical Temple.
 12183 | Temple   | Entered the Ecumenical Temple
 12327 | Temple   | Became a worshipper of Cheibriados the Contemplative
 12504 | D:7      | Found a runed translucent door.
 12505 | D:7      | Noticed Crazy Yiuf
 12515 | D:7      | Killed Crazy Yiuf
 12956 | D:7      | Reached skill level 11 in Unarmed Combat
 13045 | D:8      | Noticed Psyche
 13053 | D:7      | Slain by Psyche
